 Dungeon Crawl Stone Soup version 0.29.1-13-g9f3cf754e1 (webtiles) character file.

Game seed: 14883215030818296105

53 JesusIsBased the Trooper (level 3, 0/33 HPs)
             Began as a Hill Orc Fighter on Feb 10, 2023.
             Succumbed to a kobold's poison
             ... on level 3 of the Dungeon.
             The game lasted 00:15:06 (484 turns).

JesusIsBased the Trooper (Hill Orc Fighter)          Turns: 484, Time: 00:15:07

Health: 0/33       AC:  7    Str: 18    XL:     3   Next: 87%
Magic:  3/3        EV:  9    Int:  8    God:
Gold:   38         SH:  5    Dex: 12    Spells: 2/2 levels left

rFire   . . .      SeeInvis .   a - +0 war axe
rCold   . . .      Faith    .   c - +0 buckler
rNeg    . . .      Spirit   .   b - +0 scale mail
rPois   .          Reflect  .   (no helmet)
rElec   .          Harm     .   (no cloak)
rCorr   .          Rampage  .   (no gloves)
Will    .....                   (no boots)
Stlth   ..........              (no amulet)
HPRegen 0.11/turn               (no ring)
MPRegen 0.08/turn               (no ring)

@: lethally poisoned (0 -> 0)
A: no striking features
a: no special abilities


You were on level 3 of the Dungeon.
You visited 1 branch of the dungeon, and saw 3 of its levels.

You collected 38 gold pieces.

Inventory:

Hand Weapons
 a - a +0 war axe (weapon)
 h - a +0 dagger
 j - a +0 short sword
 m - a +0 dagger
Missiles
 k - a stone (quivered)
Armour
 b - a +0 scale mail (worn)
 c - a +0 buckler (worn)
 n - a +0 plate armour
Scrolls
 g - a scroll of torment {unknown}
 i - 3 scrolls of identify {unknown}
 l - a scroll of poison {unknown}
Potions
 d - a potion of might
 e - a potion of heal wounds {unknown}
 f - a potion of brilliance {unknown}


   Skills:
 + Level 4.1 Fighting
 + Level 3.7 Axes
 + Level 3.8 Armour
 + Level 0.1 Dodging
 + Level 3.8 Shields


You had 2 spell levels left.
You didn't know any spells.
Your spell library was empty.

Dungeon Overview and Level Annotations

Branches:
Dungeon (3/15)

Altars:

Shops:
D:1 [


Message History

You feel very sick. The kobold completely misses you.
The kobold throws a poisoned dart.
You block the poisoned dart.
You closely miss the kobold.
You feel very sick. The kobold barely misses you.
You hit the kobold but do no damage. You barely miss the kobold.
You feel very sick. The kobold hits you with a +0 whip.
You block the kobold's attack. The kobold hits you with a +0 club.
The kobold hits you but does no damage.
You feel sick. The kobold completely misses you.
The kobold attacks as you move away! The kobold barely misses you.
You feel sick. You block the kobold's attack.
The kobold attacks as you move away! The kobold barely misses you.
You feel sick.
You feel sick. The kobold closely misses you. You block the kobold's attack.
You feel sick. The kobold barely misses you.
You feel sick.
You are no longer poisoned.
The kobold attacks as you move away! The kobold hits you with a +0 whip.
* * * LOW HITPOINT WARNING * * *
The kobold attacks as you move away! The kobold hits you but does no damage.
The kobold attacks as you move away! The kobold hits you but does no damage.
The kobold attacks as you move away! You block the kobold's attack.
The kobold attacks as you move away! You block the kobold's attack.
The kobold attacks as you move away! The kobold barely misses you.
The kobold attacks as you move away! The kobold hits you but does no damage.
The kobold closely misses you.
The kobold throws a poisoned dart.
The poisoned dart hits you.
You are lethally poisoned!
* * * LOW HITPOINT WARNING * * *
You feel sick.
The kobold throws a poisoned dart.
The poisoned dart completely misses you.
* * * LOW HITPOINT WARNING * * *
You feel sick.
* * * LOW HITPOINT WARNING * * *
You feel sick. The kobold misses you.
* * * LOW HITPOINT WARNING * * *
You feel sick.
You die...

#.# ## #.# #. #.# .
#.#..#.# ##+###.#### ## ##
#.#..#.# #.........###+#.
)# ....#.#
#............... .#
#....###............... .#
#.....##K......####P.## .#
#.....@.K.....P# #..+
.##########.............P#
#..#
..................#.###.P#
#..# .##########......(#.#
#......... ..######
#.......#.# #..........
.......# #.........#
#.#.#.....# #.###.##
#.......#...# ..
#..<#.#####.......##..#
#####......####.........


You could see 2 kobolds.

Vanquished Creatures
  An orc wizard (D:3)
  An adder (D:2)
  2 orcs (D:3)
  4 endoplasms
  A giant cockroach (D:2)
  A goblin (D:1)
  A hobgoblin (D:2)
  A quokka (D:3)
  2 ball pythons
  2 kobolds
  A rat (D:1)
17 creatures vanquished.

Notes
Turn   | Place    | Note
-------+----------+-------------------------------------------
     0 | D:1      | JesusIsBased the Hill Orc Fighter began the quest for the
                  | Orb.
     0 | D:1      | Reached XP level 1. HP: 19/19 MP: 1/1
   118 | D:1      | Found Moneov's Armour Emporium.
   185 | D:1      | Reached XP level 2. HP: 27/27 MP: 2/2
   295 | D:3      | Reached XP level 3. HP: 30/33 MP: 3/3
   302 | D:3      | Reached skill level 4 in Fighting
   483 | D:3      | HP: 1/33 [poisoned by a kobold]
   484 | D:3      | Succumbed to a kobold's poison

Illustrated notes

Levels and vault maps discovered:
D:1:      onia_arrival_handbag, layout_rooms, serial_shops, nicolae_shop_stone,
          shapermc_ecumenical_altar_starsandcircs,
          amcnicky_mini_corridor_feature
D:2:      layout_basic
D:3:      corexii_shack_village, layout_basic, okawaru_altar_gauntlet_db

Skill      XL: |  1  2  3 |
---------------+----------+-----
Axes           | 3 |  3.7
Fighting       | 4 |  4.1
Armour         | |  3.8
Dodging        | |  0.1
Shields        | |  3.8

Action                   || total
-------------------------++-------
Melee: War axe           ||    46
Armor: Scale mail        ||    30
Dodge: Dodged            ||    32
Block: Buckler           ||    17
